 Dungeon Crawl Stone Soup version 0.32-a0-953-g508020473e (webtiles) character file.

Game seed: 17954458619489610719

42357 Dylgear the Severer (level 13, -3/106 HPs)
             Began as a Demonspawn Fighter on Apr 17, 2024.
             Was the Champion of Wu Jian.
             Slain by a five-headed hydra simulacrum (34 damage)
             ... on level 5 of the Lair of Beasts.
             The game lasted 01:01:36 (14773 turns).

Dylgear the Severer (Demonspawn Fighter)           Turns: 14773, Time: 01:01:37

Health: -3/106     AC: 26    Str: 20    XL:     13   Next: 85%
Magic:  13/13      EV: 11    Int:  9    God:    Wu Jian [******]
Gold:   439        SH:  4    Dex: 14    Spells: 12/12 levels left

rFire   . . .        p - +2 battleaxe of the Exiled Xeniums {flame, rPois}
rCold   . . .        (shield currently unavailable)
rNeg    . . .        B - +0 plate armour
rPois   +            (helmet restricted)
rElec   .            N - +0 cloak
rCorr   .            (no gloves)
SInv    .            i - +2 pair of boots
Will    .....        H - amulet of regeneration Stlth
                     (no ring)
HPRegen 1.17/turn    (no ring)
MPRegen 0.13/turn

%: no passive effects
@: agile, about to teleport
A: antennae 2, icy blue scales 2, icemail 1, powered by pain 3, condensation
shield
a: Renounce Religion, Wall Jump, Serpent's Lash, Heavenly Storm


You were on level 5 of the Lair of Beasts.
You worshipped Wu Jian.
Wu Jian was exalted by your worship.
You visited 3 branches of the dungeon, and saw 16 of its levels.
You also visited: Ossuary and Volcano.

You collected 818 gold pieces.
You spent 379 gold pieces at shops.

Inventory:

Hand Weapons
 a - a +1 war axe
 e - a +0 dagger of venom
 g - a +0 sling of flaming
 m - a +2 great sword of holy wrath
 p - the +2 battleaxe of the Exiled Xeniums (weapon) {flame, rPois}
   (You bought it in a shop on level 3 of the Dungeon)

   rPois:     It protects you from poison.
 t - a +1 flail of protection
Missiles
 h - 2 silver javelins (quivered)
 u - 7 javelins
 D - a throwing net
Armour
 i - a +2 pair of boots (worn)
 B - a +0 plate armour (worn)
 K - a +0 tower shield
 L - an orb of mayhem
 N - a +0 cloak (worn)
Jewellery
 y - a ring of poison resistance
 E - a ring of ice
 H - an amulet of regeneration (around neck)
Wands
 b - a wand of flame (29)
 r - a wand of mindburst (6)
 G - a wand of polymorph (6)
 P - a wand of light (1)
 S - a wand of iceblast (4)
Scrolls
 c - a scroll of revelation {unknown}
 q - 2 scrolls of vulnerability
 v - a scroll of poison
 w - a scroll of enchant weapon
 x - 2 scrolls of immolation
 A - 3 scrolls of fear
 F - 4 scrolls of blinking
 J - 4 scrolls of teleportation
 O - a scroll of fog
 R - a scroll of torment {unknown}
Potions
 d - 3 potions of curing
 f - 2 potions of cancellation
 j - 2 potions of ambrosia
 k - 5 potions of attraction
 l - 2 potions of brilliance
 o - 3 potions of enlightenment
 s - a potion of magic
 z - 5 potions of berserk rage
 C - 2 potions of haste
 I - 2 potions of mutation
 M - a potion of degeneration {unknown}
 Q - a potion of might


   Skills:
 * Level 11.1 Fighting
 * Level 18.5 Axes
 * Level 9.8 Armour
 + Level 1.3 Dodging
 + Level 1.1 Stealth
 + Level 7.7 Shields


You had 12 spell levels left.
You didn't know any spells.
Your spell library contained the following spells:

 Spells                   Type           Power      Damage    Failure   Level
 Summon Small Mammal      Summ           0%         N/A       100%        1
 Blink                    Tloc           0%         N/A       100%        2
 Lesser Beckoning         Tloc           0%         N/A       100%        2
 Momentum Strike          Conj/Tloc      0%         3d8       100%        2
 Scorch                   Fire           0%         2d5       100%        2
 Call Canine Familiar     Summ           0%         N/A       100%        3
 Inner Flame              Hex/Fire       0%         N/A       100%        3
 Sigil of Binding         Hex            0%         N/A       100%        3
 Dimensional Bullseye     Hex/Tloc       0%         N/A       100%        4
 Flame Wave               Conj/Fire      0%         2d4       100%        4
 Summon Blazeheart Golem  Fire/Summ      0%         N/A       100%        4
 Irradiate                Conj/Alch      0%         3d11      100%        5
 Iskenderun's Battlesphe  Conj           0%         2d6       100%        5
 Bombard                  Conj/Erth      0%         9d1       100%        6
 Summon Cactus Giant      Summ           0%         N/A       100%        6
 Spellforged Servitor     Conj/Summ      0%         N/A       100%        7
 Ignition                 Fire           0%         3d3       100%        8


Dungeon Overview and Level Annotations

Branches:
Dungeon (10/15)            Temple (1/1) D:4            Lair (5/5) D:8
 Shoals (0/4) Lair:3       Spider (0/4) Lair:2      Ossuary (visited)
Volcano (visited)
  Slime: Lair:4-5       Orc: D:9-12

Altars:
Ashenzari
Cheibriados
Dithmenos
Fedhas
Gozag
Hepliaklqana
Kikubaaqudgha
Makhleb
Nemelex Xobeh
Okawaru
Qazlal
Ru
Sif Muna
Trog
Uskayaw
Vehumet
Wu Jian
Xom
Yredelemnul

Shops:
D:3 ([[*   D:8 (   D:9 *

Annotations:
D:10 Lodul


Innate Abilities, Weirdness & Mutations

You have a pair of antennae on your head.
You are mostly covered in icy blue scales. (AC +3)
A meltable icy envelope protects you from harm. (AC +4)
You are powered by pain.
A meltable shield of frost defends you. (SH +4)


Message History

You slice the six-headed hydra simulacrum!!
You melt the six-headed hydra simulacrum!
The six-headed hydra simulacrum is severely damaged.
You slice one of the six-headed hydra simulacrum's heads off!
You hit the five-headed hydra simulacrum.
You melt the five-headed hydra simulacrum.
The five-headed hydra simulacrum is almost destroyed.
You block the five-headed hydra simulacrum's attack.
The five-headed hydra simulacrum bites you but does no damage.
The five-headed hydra simulacrum bites you!
The five-headed hydra simulacrum freezes you!
You focus on the pain.
You feel agile all of a sudden.
The five-headed hydra simulacrum misses you.
The five-headed hydra simulacrum bites you!
The five-headed hydra simulacrum freezes you!
* * * LOW HITPOINT WARNING * * *
You feel much better.
The five-headed hydra simulacrum barely misses you.
You block the five-headed hydra simulacrum's attack.
The five-headed hydra simulacrum bites you but does no damage.
The five-headed hydra simulacrum barely misses you.
The five-headed hydra simulacrum bites you!
The five-headed hydra simulacrum freezes you!
* * * LOW HITPOINT WARNING * * *
You feel much better.
There is an open door, spattered with blood here.
As you read the scroll of teleportation, it crumbles to dust.
You feel strangely unstable.
The five-headed hydra simulacrum bites you but does no damage. x3
The five-headed hydra simulacrum barely misses you. x2
The five-headed hydra simulacrum attacks as it pursues you!
The five-headed hydra simulacrum misses you.
The five-headed hydra simulacrum bites you.
The five-headed hydra simulacrum freezes you!
The five-headed hydra simulacrum bites you but does no damage.
The five-headed hydra simulacrum bites you.
* * * LOW HITPOINT WARNING * * *
The five-headed hydra simulacrum freezes you!!
You die...

...#..........
##########.............
#.[..#...#..#.......#..
###..'.Z.#.##.......#..
#ß...#...#.P#......#.#
#...Z#####..........###
#....#.............#...
#...ZZ..⌠..............
######@......<..†.†....
...................††...
#......................^
##..##..##.P..P....#...P
#.. #####.####..P##....
.. ##. #...##.... . .#
#......... ..#...##.....
#P..###....


You could see a hell rat simulacrum, a six-headed hydra simulacrum and a
five-headed hydra simulacrum.

Vanquished Creatures
  Fannar (Lair:2)
  Erolcha (D:9)
  6 hydras
  A catoblepas (Lair:3)
  2 boulder beetles
  A two-headed ogre (D:9)
  5 death yaks
  A lindwurm (Lair:1)
  A necromancer (Lair:5)
  Maurice (D:7)
  An elephant (Lair:5)
  3 black mambas
  11 cane toads
  A gargoyle (D:10)
  Maggie (D:6)
  Jeremiah (D:9)
  A rime drake (Lair:4)
  8 komodo dragons
  2 kobold demonologists
  2 trolls
  4 polar bears
  17 blink frogs
  A wraith (D:6)
  54 yaks
  2 spriggans (Lair:2)
  7 wyverns
  A vampire (D:8)
  A steam dragon (D:8)
  4 basilisks
  2 death yak simulacra (Lair:5)
  Menkaure (D:5)
  4 acid dragons
  15 water moccasins
  2 hydra simulacra (Lair:5)
  2 orc warriors
  2 ice beasts (D:7)
  3 black bears
  12 wolves
  5 centaurs
  6 ogres
  2 phantoms (D:5)
  A weeping skull (Ossuary)
  3 kobold brigands
  3 gnoll sergeants
  9 bullfrogs
  5 water moccasin zombies (Ossuary)
  8 wights
  4 killer bees (D:9)
  3 elephant simulacra (Lair:5)
  2 howler monkeys
  6 electric eels
  A bombardier beetle (D:3)
  6 hounds
  2 jellies
  5 orc priests
  A sleepcap (D:7)
  3 iguanas
  6 orc wizards
  6 hell rats (Lair:4)
  A bullfrog simulacrum (Ossuary)
  2 crocodile zombies (Ossuary)
  2 mummies (Ossuary)
  14 gnolls
  5 adders
  A shadow imp (D:5)
  A white imp (D:6)
  A hell rat simulacrum (Lair:5)
  10 adder zombies (Ossuary)
  2 dart slugs
  A ribbon worm (D:2)
  19 orcs
  6 endoplasms
  3 giant cockroaches
  6 goblins
  8 hobgoblins
  5 jackals
  23 kobolds
  4 quokkas
  3 training dummies (D:8)
  7 ball pythons
  2 bats
  4 frilled lizards
  5 gnoll zombies (Ossuary)
  4 jackal zombies (Ossuary)
  7 rats
  A butterfly (Lair:3)
419 creatures vanquished.

Notes
Turn   | Place    | Note
-------+----------+-------------------------------------------
     0 | D:1      | Dylgear the Demonspawn Fighter began the quest for the Orb.
     0 | D:1      | Reached XP level 1. HP: 18/18 MP: 1/1
    98 | D:1      | Gained mutation: A meltable shield of frost defends you.
                  | (SH +4) [demonic ancestry]
    98 | D:1      | Reached XP level 2. HP: 23/24 MP: 2/2
   116 | D:1      | Reached skill level 2 in Axes
   776 | D:2      | Reached XP level 3. HP: 29/29 MP: 3/3
  1007 | D:2      | Found a hazy altar of Hepliaklqana.
  1450 | D:3      | Found Woty's Armour Emporium.
  1484 | D:3      | Reached XP level 4. HP: 35/35 MP: 4/4
  1546 | D:3      | Found Hoazieg's Assorted Antiques.
  1561 | D:3      | Reached skill level 3 in Axes
  1608 | D:3      | Found Gywom's Armour Emporium.
  1670 | D:3      | Found Lixu's Antique Weapon Shoppe.
  1990 | D:4      | Noticed an ogre
  2029 | D:4      | Reached XP level 5. HP: 29/42 MP: 5/5
  2117 | D:4      | Found a sand-covered staircase.
  2124 | Ossuary  | Entered an ossuary
  2173 | Ossuary  | Reached skill level 4 in Axes
  2173 | Ossuary  | Gained mutation: You are partially covered in icy blue
                  | scales. (AC +2) [demonic ancestry]
  2173 | Ossuary  | Reached XP level 6. HP: 19/48 MP: 6/6
  2480 | Ossuary  | Reached skill level 5 in Axes
  2480 | Ossuary  | Gained mutation: You sometimes gain a little power by
                  | taking damage. [demonic ancestry]
  2480 | Ossuary  | Reached XP level 7. HP: 51/54 MP: 7/7
  2773 | D:3      | Bought a dazzling battleaxe for 195 gold pieces
  2773 | D:3      | Identified the +2 battleaxe of the Exiled Xeniums {flame,
                  | rPois} (You bought it in a shop on level 3 of the Dungeon)
  2846 | D:4      | Found a staircase to the Ecumenical Temple.
  2859 | Temple   | Entered the Ecumenical Temple
  2873 | Temple   | Became a worshipper of the Wu Jian Council
  3221 | D:5      | Entered Level 5 of the Dungeon
  3251 | D:5      | Reached skill level 6 in Axes
  3450 | D:5      | Noticed Menkaure
  3722 | D:5      | Reached skill level 1 in Dodging
  3734 | D:5      | Gained mutation: A meltable icy envelope protects you from
                  | harm. (AC +4) [demonic ancestry]
  3734 | D:5      | Reached XP level 8. HP: 50/61 MP: 8/8
  4022 | D:5      | Killed Menkaure
  4047 | D:5      | Reached * piety under Wu Jian
  4863 | D:6      | Noticed Maggie
  4870 | D:6      | Killed Maggie
  4871 | D:6      | Reached skill level 5 in Fighting
  4871 | D:6      | Reached skill level 7 in Axes
  4871 | D:6      | Reached skill level 5 in Armour
  5212 | D:6      | Reached skill level 5 in Shields
  5343 | D:6      | Reached skill level 1 in Stealth
  5496 | D:6      | Gained mutation: You sometimes gain power by taking damage.
                  | [demonic ancestry]
  5496 | D:6      | Reached XP level 9. HP: 45/68 MP: 9/9
  6017 | D:7      | Noticed Maurice
  6033 | D:7      | Maurice stole 2 silver javelins
  6038 | D:7      | Killed Maurice
  6039 | D:7      | Reached skill level 8 in Axes
  6204 | D:7      | Reached ** piety under Wu Jian
  6334 | D:7      | Reached skill level 9 in Axes
  6346 | D:7      | Found a shadowy altar of Dithmenos.
  6349 | D:7      | Found a bloodstained altar of Trog.
  6367 | D:7      | Found a sacrificial altar of Ru.
  6446 | D:7      | Found a sparkling altar of Nemelex Xobeh.
  7188 | D:8      | Noticed a troll
  7211 | D:8      | Killed a troll
  7220 | D:8      | Gained mutation: You have a pair of small antennae on your
                  | head. [demonic ancestry]
  7220 | D:8      | Reached XP level 10. HP: 56/77 MP: 10/10
  7272 | D:8      | Found a staircase to the Lair.
  7320 | D:8      | Reached skill level 10 in Axes
  7407 | D:8      | Found Memigoan's Firing Range.
  7424 | D:8      | Reached *** piety under Wu Jian
  8186 | D:9      | Noticed Erolcha
  8198 | D:9      | Killed Erolcha
  8442 | D:9      | Reached skill level 11 in Axes
  8603 | D:9      | Noticed Jeremiah
  8603 | D:9      | Noticed a two-headed ogre
  8654 | D:9      | Killed a two-headed ogre
  8715 | D:9      | Killed Jeremiah
  8715 | D:9      | Reached **** piety under Wu Jian
  8897 | D:9      | Found Biwerhog's General Store.
  8910 | D:9      | Bought a scroll of identify for 32 gold pieces
  8910 | D:9      | Bought a scroll of identify for 32 gold pieces
  8910 | D:9      | Bought a scroll of blinking for 120 gold pieces
  8942 | D:10     | Entered Level 10 of the Dungeon
  9026 | D:10     | Gained mutation: You are powered by pain. [demonic
                  | ancestry]
  9026 | D:10     | Reached XP level 11. HP: 66/78 MP: 11/11
  9455 | D:10     | Reached skill level 12 in Axes
  9635 | D:10     | Noticed Lodul
  9928 | Lair:1   | Entered Level 1 of the Lair of Beasts
  9930 | Lair:1   | Identified a scroll of acquirement
  9930 | Lair:1   | Acquired a manual of Axes
 10045 | Lair:1   | Noticed a boulder beetle
 10193 | Lair:1   | Noticed a death yak
 10193 | Lair:1   | Noticed a death yak
 10193 | Lair:1   | Noticed a death yak
 10194 | Lair:1   | Noticed a death yak
 10195 | Lair:1   | Noticed a death yak
 10239 | D:8      | Killed a death yak
 10240 | D:8      | Reached skill level 13 in Axes
 10286 | D:8      | Killed a death yak
 10314 | D:8      | Killed a death yak
 10368 | Lair:1   | Killed a death yak
 10375 | Lair:1   | Killed a death yak
 10580 | Lair:1   | Reached skill level 14 in Axes
 10583 | Lair:1   | Found a dark tunnel.
 10586 | Lair:1   | Noticed a lindwurm
 10590 | Lair:1   | Killed a lindwurm
 10632 | Volcano  | Entered a volcano
 10632 | Volcano  | Found a snail-covered altar of Cheibriados.
 10787 | Lair:1   | Gained mutation: You are mostly covered in icy blue scales.
                  | (AC +3) [demonic ancestry]
 10787 | Lair:1   | Reached XP level 12. HP: 94/94 MP: 12/12
 11084 | Lair:1   | Killed a boulder beetle
 11085 | Lair:1   | Reached skill level 15 in Axes
 11373 | Lair:2   | Reached ***** piety under Wu Jian
 11417 | Lair:2   | Found a hole to the Spider Nest.
 11434 | Lair:2   | Noticed Fannar
 11465 | Lair:2   | Killed Fannar
 11712 | Lair:2   | Reached skill level 16 in Axes
 12088 | Lair:2   | Noticed a five-headed hydra
 12093 | Lair:2   | Killed a two-headed hydra
 12316 | Lair:3   | Reached skill level 10 in Fighting
 12387 | Lair:3   | Reached skill level 17 in Axes
 12482 | Lair:3   | Noticed a catoblepas
 12490 | Lair:3   | Killed a catoblepas
 12491 | Lair:3   | Gained mutation: You have a pair of antennae on your head.
                  | [demonic ancestry]
 12491 | Lair:3   | Reached XP level 13. HP: 67/103 MP: 13/13
 13139 | Lair:3   | Found a staircase to the Shoals.
 14234 | Lair:5   | Entered Level 5 of the Lair of Beasts
 14424 | Lair:5   | Reached skill level 18 in Axes
 14596 | Lair:5   | Reached ****** piety under Wu Jian
 14773 | Lair:5   | Slain by a five-headed hydra simulacrum

Illustrated notes

Levels and vault maps discovered:
D:1:      giann_horns, layout_basic
D:2:      layout_loops_cross, basic_altar, minmay_surrounded
D:3:      layout_rooms, serial_shops, shop, nicolae_shop_tiny_statue_garden,
          nicolae_shop_waterfront, shop, hangedman_decor_diamond_cutter
D:4:      layout_cave_pools, minmay_temple_entry_wispy, enter_ossuary_1,
          st_stairs_4
D:5:      layout_basic, hangedman_decor_growths, uniq_menkaure
D:6:      layout_loops_ring, serial_bayou, serial_bayou_shore_a,
          serial_bayou_lake_a, serial_bayou_pond_a, serial_bayou_pond_c,
          uniq_maggie
D:7:      layout_basic, grunt_temple_overflow_open, tso_altar, uniq_maurice
D:8:      layout_basic, erik_lair_island, nicolae_kite_square_tiling_tiny,
          minmay_misc_feat_tower, nicolae_shop_firing_range
D:9:      layout_irregular_city, serial_shops,
          nicolae_shop_competitors_out_of_business, grunt_ministairs_9,
          uniq_erolcha, uniq_jeremiah
D:10:     layout_loops_cross, minmay_crystal_room, uniq_lodul
Temple:   lightli_temple_of_artemis
Lair:1:   layout_regular_city, nicolae_volcano_entry_vermiform,
          grunt_megastairs_4
Lair:2:   wad_woods_stonehenge, layout_regular_city,
          spider_nest_entry_web_field, chequers_serial_rivers_micro_a,
          st_stairs_12, lemuel_centaur_altar, uniq_fannar
Lair:3:   layout_cave_pods, shoals_dummy_entry, lemuel_fruit_fields
Lair:4:   layout_regular_city
Lair:5:   grunt_lair_end_beastmaster, layout_regular_city, slime_entry_1,
          eino_house_with_fridge

Skill      XL: |  1  2  3  4  5  6  7  8  9 10 11 12 13 |
---------------+----------------------------------------+-----
Axes           | 2 3 4 5 6 7 9 11 14 17 18 | 18.5
Armour         | 3 4 5 6 7 8 9 |  9.8
Shields        | 3 4 5 6 7 |  7.7
Fighting       | 4 5 6 7 8 10 11 | 11.1
Dodging        | 1 |  1.3
Stealth        | 1 |  1.1

Action                     |  1- 3 |  4- 6 |  7- 9 | 10-12 | 13-15 || total
---------------------------+-------+-------+-------+-------+-------++-------
  Melee: War axe           |    83 |   192 |    45 |       |       ||   320
         Battleaxe         |       |       |   243 |   638 |   276 ||  1157
Ability: Lunge             |       |       |    15 |    40 |    17 ||    72
         Whirlwind         |       |       |     2 |    81 |     7 ||    90
         Wall Jump         |       |       |       |     9 |       ||     9
    Use: Scroll            |       |     3 |     8 |    11 |     3 ||    25
         Potion            |       |     1 |     6 |     2 |     3 ||    12
 Armour: Scale mail        |    72 |   122 |    76 |       |       ||   270
         Plate armour      |       |       |   248 |   651 |   309 ||  1208
  Dodge: Dodged            |    20 |    58 |    96 |   210 |    85 ||   469
  Block: Buckler           |    32 |    82 |    18 |       |       ||   132
         Other             |       |       |    28 |    91 |    41 ||   160

Table legend: (Time is in decaauts)
 A = Elapsed time spent in this place.
 B = Non-inter-level travel time spent in this place.
 C = Inter-level travel time spent in this place.
 D = Time resting spent in this place.
 E = Time spent auto-exploring this place.
 F = Levels seen in this place.
 G = Mean time per level.
                   A        B        C        D        E       F      G
               +--------+--------+--------+--------+--------+-----+--------+
         Total |  15027 |  14003 |   1024 |   1634 |   7561 |  18 |  834.8 |
       Dungeon |   9674 |   9000 |    674 |   1170 |   4974 |  10 |  967.4 |
        Temple |     40 |     40 |      0 |      0 |      0 |   1 |   40.0 |
          Lair |   4655 |   4305 |    350 |    184 |   2586 |   5 |  931.0 |
       Ossuary |    635 |    635 |      0 |    280 |      0 |   1 |  635.0 |
       Volcano |     20 |     20 |      0 |      0 |      0 |   1 |   20.0 |
               +--------+--------+--------+--------+--------+-----+--------+

Top non-repeatable levels by time:
     D:5: 1419 daAuts
  Lair:1: 1241 daAuts
     D:6: 1229 daAuts
     D:8: 1220 daAuts
     D:7: 1131 daAuts
  Lair:2: 1075 daAuts
     D:9: 1063 daAuts
  Lair:3: 1031 daAuts
  Lair:4: 843 daAuts
     D:2: 746 daAuts
    D:10: 742 daAuts
     D:1: 730 daAuts
     D:4: 726 daAuts
     D:3: 662 daAuts
 Ossuary: 635 daAuts
